 Dungeon Crawl Stone Soup version 0.14.2 (webtiles) character file.

5004 in250t the Spear-Bearer (level 10, -4/63 HPs)
             Began as a Human Wizard on Apr 2, 2015.
             Slain by a fire bat (6 damage)
             ... on Level 9 of the Dungeon.
             The game lasted 00:39:26 (10247 turns).

in250t the Spear-Bearer (Human Wizard)             Turns: 10247, Time: 00:39:28

HP  -4/63        AC  8     Str  8      XL: 10   Next: 71%
MP   6/18        EV 15     Int 22      God:
Gold 347         SH  0     Dex 11      Spells:  5 memorised,  1 level left

rFire  + + .     SeeInvis .     B - +3,+6 trident
rCold  + + .     Clarity  .     h - +1 robe
rNeg   . . .     Conserve .     (no shield)
rPois  +         rCorr    .     F - +1 helmet
rElec  +         rRot     .     l - +0 cloak
SustAb . .       Spirit   .     k - +0 pair of gloves
rMut   .         Warding  .     C - +0 pair of boots of Fortification {rC+ MR++}
Saprov . . .     Stasis   .     E - amulet of faith
MR     ++...                    H - ring of protection from cold
                                V - ring of fire

@: very resistant to hostile enchantments, fairly stealthy
A: no striking features
a: no special abilities


You were on level 9 of the Dungeon.
You were very full.

You visited 1 branch of the dungeon, and saw 9 of its levels.

You collected 347 gold pieces.

Inventory:

Hand weapons
 B - a +3,+6 trident (weapon)
Armour
 h - a +1 robe (worn)
 k - a +0 pair of gloves (worn)
 l - a +0 cloak (worn)
 C - the +0 pair of boots of Fortification (worn) {rC+ MR++}
   (You found it on level 5 of the Dungeon)

   It protects you from cold.
   It affects your resistance to hostile enchantments.
 F - a +1 helmet (worn)
Magical devices
 g - a wand of cold (8) {unknown}
 U - a wand of teleportation (3) {unknown}
Comestibles
 a - 3 chunks of hobgoblin flesh
 d - 6 bread rations
 v - 3 apricots
 x - 8 cheeses
 L - a slice of pizza
 T - 2 meat rations
Scrolls
 j - a scroll of fog
 n - 5 scrolls of remove curse
 p - a scroll of enchant weapon III
 y - a scroll of recharging {unknown}
 I - a scroll of immolation
 J - a scroll of enchant weapon II
 P - a scroll of amnesia
 Q - a scroll of enchant weapon I
Jewellery
 b - a cursed -2 ring of evasion
 f - an uncursed amulet of rage {unknown}
 q - an uncursed ring of sustain abilities
 r - an uncursed ring of teleport control
 E - an amulet of faith (around neck)
 H - a ring of protection from cold (right hand)
 M - an uncursed amulet of guardian spirit
 V - a ring of fire (left hand)
Potions
 i - a potion of poison
 m - 2 potions of agility
 o - 4 potions of might
 u - 4 potions of restore abilities
 w - 4 potions of curing
 A - a potion of invisibility
 D - a potion of flight
 S - a potion of magic
Books
 c - a book of Minor Magic

   Spells                             Type                      Level
   *Magic Dart                        Conjuration                  1
   *Blink                             Translocation                2
   Call Imp                           Summoning                    2
   Repel Missiles                     Charms/Air                   2
   Slow                               Hexes                        2
   *Conjure Flame                     Conjuration/Fire             3
   *Mephitic Cloud                    Conjuration/Poison/Air       3
 e - a book of Control

   Spells                             Type                      Level
   Control Teleport                   Charms/Translocation         4
   Control Undead                     Necromancy                   4
   Enslavement                        Hexes                        4
   *Metabolic Englaciation            Hexes/Ice                    5
   Mass Confusion                     Hexes                        6


   Skills:
 + Level 11.2 Polearms
 - Level 7.6 Dodging
 - Level 2.0 Stealth
 - Level 3.0 Spellcasting
 - Level 6.4 Conjurations
   Level 1.0 Summonings
 - Level 1.0 Translocations


You had one spell level left.
You knew the following spells:

 Your Spells              Type           Power        Failure   Level  Hunger
a - Magic Dart            Conj           ####         1%          1    None
b - Mephitic Cloud        Conj/Pois/Air  ##......     17%         3    ###....
c - Conjure Flame         Conj/Fire      ####....     12%         3    ###....
d - Blink                 Tloc           N/A          14%         2    ##.....
e - Metabolic Englaciati  Hex/Ice        #.........   100%        5    #####..


Dungeon Overview and Level Annotations

Branches:
Dungeon (9/15)             Temple (0/1) D:7
    Orc: D:9-12        Lair: D:8-11

Altars:
Dithmenos
Fedhas
Makhleb
Nemelex Xobeh
Trog
The Shining One

Shops:
D:4 (


Message History

You blink.
The fire bat completely misses you. The fire bat completely misses you.
The fire bat bites you.
* * * LOW HITPOINT WARNING * * *
You are engulfed in flames.
You resist.
* * * LOW HITPOINT WARNING * * *
The fire bat misses you. The fire bat barely misses you.
Casting: Blink
Confirm with . or Enter, or press ? or * to list all spells.
You blink.
Read which item? (? for menu, Esc to quit)
Okay, then.
Drink which item? (? for menu, Esc to quit)
You feel protected. The fire bat bites you.
* * * LOW HITPOINT WARNING * * *
You are engulfed in flames.
You resist.
* * * LOW HITPOINT WARNING * * *
The fire bat barely misses you. The fire bat bites you.
You die...

#.# #.<.# #...v.#.<# #.#
######.§.≈≈.##.# #.# ..§≈≈≈.
#.######### #.# .≈≈≈≈.v
#.......... #.#
#≈......##.###.##### #.#
######'#..##.##### #.#
##................. #.#
###....#.######.##### #.#
######...@b.#........# #.#
#........b.....#####.# #.#
#.###....bb....## #.#
#.#####.####..........####.#
#...................#......#
#######.######.#.#....####.#
#.# #..##.#§## #.# #.#
#.......# #.# #.#
####...######.#


You could see 4 fire bats.

Vanquished Creatures
  A hydra (D:8)
  2 yaks (D:8)
  A steam dragon (D:6)
  An ice beast (D:9)
  2 orc warriors
  3 sky beasts
  4 centaurs
  2 ogres
  A phantom (D:5)
  4 big kobolds (D:8)
  Duvessa (D:6)
  2 giant frogs
  Blork the orc (D:6)
  A scorpion (D:8)
  6 killer bees (D:8)
  2 crimson imps (D:5)
  2 centaur zombies
  5 hounds
  Dowan (D:6)
  2 goliath beetles (D:6)
  Crazy Yiuf (D:3)
  6 jellies
  A two-headed ogre skeleton (D:7)
  2 iguanas
  7 orc wizards
  3 worker ants
  3 orc priests
  A sky beast zombie (D:6)
  Ijyb (D:7)
  Jessica (D:2)
  2 sheep (D:8)
  A hound skeleton (D:5)
  7 green rats (D:5)
  7 gnolls
  11 adders
  2 giant mites
  3 shadow imps
  4 worms
  2 orc zombies (D:7)
  An adder skeleton (D:5)
  A giant eyeball (D:4)
  6 giant geckos
  An ooze (D:2)
  23 orcs
  6 giant cockroaches
  17 goblins
  12 hobgoblins
  8 jackals
  18 kobolds
  3 quokkas
  11 bats
  A giant gecko zombie (D:8)
  6 giant newts
  A hobgoblin skeleton (D:5)
  A kobold skeleton (D:7)
  A kobold zombie (D:5)
  21 rats
  2 rat zombies
249 creatures vanquished.

Vanquished Creatures (collateral kills)
  An orc (D:4)
  A giant newt (D:4)
2 creatures vanquished.

Grand Total: 251 creatures vanquished

Notes
Turn   | Place    | Note
--------------------------------------------------------------
     0 | D:1      | in250t, the Human Wizard, began the quest for the Orb.
     0 | D:1      | Reached XP level 1. HP: 13/13 MP: 4/4
   341 | D:1      | Reached XP level 2. HP: 19/19 MP: 4/6
   934 | D:2      | Reached XP level 3. HP: 24/24 MP: 2/7
  1007 | D:2      | Found a shadowy altar of Dithmenos.
  1289 | D:2      | Reached XP level 4. HP: 30/30 MP: 3/9
  1545 | D:2      | Reached skill level 4 in Conjurations
  1901 | D:2      | Noticed Jessica
  1908 | D:2      | Killed Jessica
  1915 | D:2      | Found a sparkling altar of Nemelex Xobeh.
  2117 | D:3      | Reached XP level 5. HP: 35/35 MP: 8/11
  2571 | D:3      | Noticed Crazy Yiuf
  2651 | D:2      | Learned a level 3 spell: Mephitic Cloud
  2655 | D:2      | Learned a level 3 spell: Conjure Flame
  2658 | D:2      | Learned a level 2 spell: Blink
  2900 | D:3      | Reached skill level 5 in Conjurations
  3063 | D:3      | Killed Crazy Yiuf
  3063 | D:3      | Reached XP level 6. HP: 41/41 MP: 5/12
  3229 | D:4      | Found Bruit's Antique Weapon Boutique.
  3294 | D:4      | Reached skill level 6 in Conjurations
  3946 | D:4      | Reached XP level 7. HP: 46/46 MP: 3/14
  3999 | D:5      | Entered Level 5 of the Dungeon
  4037 | D:5      | Reached skill level 5 in Dodging
  4050 | D:5      | Got a pair of crude boots
  4053 | D:5      | Identified the +0 pair of boots of Fortification {rC+ MR++} (You found it on level 5 of the Dungeon)
  4321 | D:5      | Reached XP level 8. HP: 28/52 MP: 13/16
  4568 | D:5      | Found a bloodstained altar of Trog.
  4569 | D:5      | Found a burning altar of Makhleb.
  4917 | D:5      | Reached skill level 7 in Dodging
  5555 | D:6      | Noticed Duvessa
  5556 | D:6      | Noticed Dowan
  5593 | D:6      | Killed Dowan
  5593 | D:6      | Reached skill level 1 in Polearms
  5596 | D:6      | Killed Duvessa
  5873 | D:6      | Reached XP level 9. HP: 30/57 MP: 15/17
  6482 | D:6      | Noticed Blork the orc
  6500 | D:6      | Reached skill level 5 in Polearms
  6519 | D:6      | Killed Blork the orc
  7283 | D:7      | Noticed Ijyb
  7460 | D:7      | Killed Ijyb
  7590 | D:7      | Got a jewelled mace
  7691 | D:7      | Found a glowing golden altar of the Shining One.
  8208 | D:7      | Found a staircase to the Ecumenical Temple.
  8238 | D:7      | Learned a level 5 spell: Metabolic Englaciation
  8755 | D:8      | Reached skill level 8 in Polearms
  8902 | D:8      | Found a blossoming altar of Fedhas.
  9145 | D:8      | Reached XP level 10. HP: 55/63 MP: 18/18
  9200 | D:8      | Reached skill level 9 in Polearms
  9688 | D:8      | Reached skill level 10 in Polearms
  9989 | D:8      | Noticed a three-headed hydra
  9995 | D:8      | Killed a three-headed hydra
  9995 | D:8      | Reached skill level 11 in Polearms
 10106 | D:9      | Identified the cursed +6,+3 mace "Urghapiwn" {freeze, rC- Str-5} (You took it off an orc wizard on level 7 of the Dungeon)
 10228 | D:9      | Noticed a flaming corpse
 10242 | D:9      | HP: 1/63 [fire bat (3)]
 10247 | D:9      | HP: 2/63 [fire bat (2)]
 10247 | D:9      | Slain by a fire bat

Action                   |  1- 3 |  4- 6 |  7- 9 | 10-12 || total
-------------------------+-------+-------+-------+-------++-------
Melee: Unarmed           |     1 |       |       |       ||     1
       Dagger            |     1 |    11 |       |       ||    12
       Quarterstaff      |       |    42 |    38 |       ||    80
       Trident           |       |       |   423 |   153 ||   576
Throw: Javelin           |       |     2 |       |       ||     2
 Cast: Magic Dart        |    49 |   110 |   127 |    26 ||   312
       Mephitic Cloud    |       |     3 |    27 |     6 ||    36
       Conjure Flame     |       |       |     7 |     5 ||    12
       Blink             |       |       |     1 |     4 ||     5
  Use: Scroll            |       |     8 |    14 |     1 ||    23
       Potion            |       |     3 |       |     2 ||     5
 Stab: Confused          |       |     1 |     9 |     3 ||    13
       Distracted        |       |     2 |       |       ||     2
       Sleeping          |       |       |     2 |     2 ||     4
